 Dungeon Crawl Stone Soup version 0.30-a0-335-ge5acde7520 (webtiles) character file.

Game seed: 15749634783559261656

798 koil the Trooper (level 7, -8/75 HPs)
             Began as an Ogre Cinder Acolyte on Oct 31, 2022.
             Was a Priest of Ignis.
             Mangled by an iguana (9 damage)
             ... on level 5 of the Dungeon.
             The game lasted 00:11:06 (3710 turns).

koil the Trooper (Ogre Cinder Acolyte)              Turns: 3710, Time: 00:11:07

Health: -8/75      AC: 11    Str: 19    XL:     7   Next: 90%
Magic:  0/12       EV:  9    Int: 17    God:    Ignis [***...]
Gold:   209        SH:  0    Dex:  4    Spells: 11/13 levels left

rFire   + . .      SeeInvis .    a - -1 hand axe (flame)
rCold   . . .      Faith    .    (no shield)
rNeg    . . .      Spirit   .    b - +0 robe
rPois   .          Reflect  .    (helmet restricted)
rElec   .          Harm     .    x - +0 cloak
rCorr   .          Rampage  .    (gloves unavailable)
Will    .....                    (boots unavailable)
Stlth   +.........               (no amulet)
HPRegen 0.32/turn                (no ring)
MPRegen 0.13/turn                (no ring)

@: fiery-armoured
A: large, unfitting armour, tough skin 1
a: Renounce Religion, Fiery Armour, Foxfire Swarm, Rising Flame


You were on level 5 of the Dungeon.
You worshipped Ignis.
Ignis was most pleased with you.
You visited 1 branch of the dungeon, and saw 5 of its levels.

You collected 209 gold pieces.

Inventory:

Hand Weapons
 a - a -1 hand axe of flaming (weapon)
 i - a +3 mace
 v - a +3 hammer
 w - a +4 quarterstaff of chaos
 y - a +0 hammer of protection
 A - a +3 dagger
 B - a +0 flail of draining
 E - a +2 short sword of protection
Missiles
 j - 20 poisoned darts
Armour
 b - a +0 robe (worn)
 c - a +0 robe
 t - a +0 robe
 x - a +0 cloak (worn)
Jewellery
 q - a +4 ring of evasion
Wands
 n - a wand of polymorph (11)
Scrolls
 d - a scroll of immolation {unknown}
 e - 5 scrolls of identify {unknown}
 g - a scroll of vulnerability {unknown}
 k - 4 scrolls of poison {unknown}
 l - 2 scrolls of magic mapping {unknown}
 o - a scroll of enchant weapon {unknown}
 p - a scroll of amnesia {unknown}
Potions
 f - a potion of heal wounds {unknown}
 h - 4 potions of curing {unknown}
 m - 2 potions of haste {unknown}
 r - 2 potions of berserk rage {unknown}
 s - a potion of flight {unknown}
 u - a potion of might {unknown}
 z - a potion of brilliance {unknown}
 C - a potion of lignification {unknown}
 D - a potion of magic {unknown}


   Skills:
 + Level 6.1 Fighting
 + Level 4.6 Axes
 + Level 3.0 Dodging
 + Level 3.9 Spellcasting
 + Level 5.0 Fire Magic


You had 11 spell levels left.
You knew the following spells:

 Your Spells              Type           Power      Damage    Failure   Level
a - Scorch                Fire           40%        2d7       3%          2

Your spell library contained the following spells:

 Spells                   Type           Power      Damage    Failure   Level
 Freeze                   Ice            12%        1d3       16%         1
 Sandblast                Erth           6%         2d5       16%         1
 Slow                     Hex            12%        N/A       16%         1
 Passwall                 Tmut/Erth      2%         N/A       24%         2
 Confusing Touch          Hex            3%         N/A       43%         3
 Frozen Ramparts          Ice            6%         1d1       43%         3
 Gell's Gravitas          Tloc           3%         N/A       43%         3
 Hailstorm                Conj/Ice       3%         3d3       43%         3
 Lesser Beckoning         Tloc           6%         N/A       43%         3
 Stone Arrow              Conj/Erth      6%         3d7       43%         3
 Teleport Other           Tloc           3%         N/A       43%         3
 Vampiric Draining        Necr           3%         2d6       43%         3
 Animate Dead             Necr           3%         N/A       85%         4
 Borgnjor's Vile Clutch   Necr/Erth      1%         N/A       99%         5
 Death Channel            Necr           1%         N/A       100%        6


Dungeon Overview and Level Annotations

Branches:
Dungeon (5/15)
 Temple: D:4-7

Altars:


Innate Abilities, Weirdness & Mutations

You are too large for most types of armour.
You have tough skin. (AC +1)


Message History

You barely miss the ice beast.
The ice beast is heavily wounded.
The ice beast hits you. The ice beast freezes you!
The ice beast closely misses you.
You hit the ice beast.
You melt the ice beast.
The ice beast is severely wounded.
The iguana is no longer more vulnerable to fire.
The ice beast hits you. The ice beast freezes you.
You barely miss the ice beast.
The ice beast is severely wounded.
The ice beast hits you. The ice beast freezes you!
You slash the ice beast!
You melt the ice beast.
You kill the ice beast!
Your Fighting skill increases to level 6!
Your Dodging skill increases to level 3!
Your Fire Magic skill increases to level 5!
You barely miss the iguana. Your punch misses the iguana.
The iguana is lightly wounded.
The iguana bites you!
You hit the iguana but do no damage.
The iguana is lightly wounded.
The iguana bites you!
* * * LOW HITPOINT WARNING * * *
You hit the iguana but do no damage.
The iguana is lightly wounded.
The iguana bites you!
* * * LOW HITPOINT WARNING * * *
You are too injured to fight recklessly!
Casting: Scorch (safe; 3% risk of failure)
Confirm with . or Enter, or press ? or * to list all spells.
Flames lash the iguana.
The iguana is moderately wounded.
The iguana's fire resistance burns away.
The iguana bites you.
* * * LOW HITPOINT WARNING * * *
Okay, then.
A protective cloak of flame settles atop you.
The iguana closely misses you. The iguana bites you!
You die...

#.~.~≈......##.....#
#...~.......##.....#
#..~~~†~....##.(...#
#..[~~†.######.....#
#~~~~~†~# #...≈≈≈≈
#.~.≈≈..# #...≈###
#.~.≈~..# ...+
#.~.~~..######..[≈##
#..~~~..#..†@l...≈≈≈
##..≈≈....#####.....
##~≈≈..### ...
##≈≈### . #≈≈# ≈≈≈##
#≈### ##


You could see an iguana (combustible).

Vanquished Creatures
  Menkaure (D:5)
  An ice beast (D:5)
  A black bear (D:5)
  A phantom (D:4)
  A necrophage (D:5)
  A scorpion (D:5)
  A hound (D:4)
  2 orc priests
  Crazy Yiuf (D:4)
  4 gnolls (D:3)
  7 adders
  A worm (D:5)
  A dart slug (D:3)
  9 orcs
  4 bats
  10 endoplasms
  2 giant cockroaches (D:2)
  4 goblins
  8 hobgoblins
  4 jackals (D:5)
  7 kobolds
  3 quokkas
  6 ball pythons
  2 frilled lizards
  6 rats
88 creatures vanquished.

Vanquished Creatures (others)
  3 fungi (D:4)
3 creatures vanquished.

Grand Total: 91 creatures vanquished

Notes
Turn   | Place    | Note
-------+----------+-------------------------------------------
     0 | D:1      | koil the Ogre Cinder Acolyte began the quest for the Orb.
     0 | D:1      | Reached XP level 1. HP: 24/24 MP: 2/2
   141 | D:1      | Reached XP level 2. HP: 32/32 MP: 4/4
   144 | D:1      | Learned a level 2 spell: Scorch
   813 | D:2      | Reached XP level 3. HP: 34/39 MP: 0/5
   947 | D:2      | Reached skill level 1 in Dodging
   947 | D:2      | Reached XP level 4. HP: 16/49 MP: 1/7
  1875 | D:3      | Reached XP level 5. HP: 24/55 MP: 1/8
  2455 | D:4      | Noticed a phantom
  2462 | D:4      | Killed a phantom
  2463 | D:4      | Reached skill level 5 in Fighting
  2463 | D:4      | Reached XP level 6. HP: 65/66 MP: 6/10
  2605 | D:4      | Found a runed translucent door.
  2606 | D:4      | Noticed Crazy Yiuf
  2612 | D:4      | Killed Crazy Yiuf
  2802 | D:5      | Entered Level 5 of the Dungeon
  2802 | D:5      | Noticed a black bear
  2818 | D:5      | Killed a black bear
  2950 | D:5      | Reached XP level 7. HP: 65/72 MP: 4/11
  3400 | D:5      | Noticed Menkaure
  3407 | D:5      | Killed Menkaure
  3705 | D:5      | Reached skill level 6 in Fighting
  3705 | D:5      | Reached skill level 5 in Fire Magic
  3708 | D:5      | HP: 1/75 [iguana (4)]
  3710 | D:5      | Mangled by an iguana

Illustrated notes

Levels and vault maps discovered:
D:1:      wander_arrival_estate, layout_loops_cross
D:2:      layout_basic
D:3:      layout_rooms, nicolae_elevator_lobby_asterisk
D:4:      layout_basic, minitemple, minmay_temple_entry_butterflies,
          serial_rivers, chequers_serial_rivers_small_a,
          chequers_serial_rivers_micro_d, chequers_serial_rivers_small_3,
          chequers_serial_rivers_micro_c, minmay_pentomino_pile,
          uniq_crazy_yiuf_cottage
D:5:      layout_basic, mainiacjoe_overflow_alcove_2, kennysheep_mini_moat,
          serial_rivers, chequers_serial_rivers_micro_e,
          chequers_serial_rivers_room_b, chequers_serial_rivers_small_3,
          chequers_serial_rivers_micro_c, chequers_serial_rivers_micro_e,
          uniq_menkaure

Skill      XL: |  1  2  3  4  5  6  7 |
---------------+----------------------+-----
Fire Magic     | 3 4 5 |  5.0
Dodging        | 1 2 3 |  3.0
Spellcasting   | 2 3 |  3.9
Fighting       | 5 6 |  6.1
Axes           | 4 |  4.6

Action                   |  1- 3 |  4- 6 |  7- 9 || total
-------------------------+-------+-------+-------++-------
Melee: Hand axe          |    83 |   110 |    45 ||   238
       Punch             |       |     1 |       ||     1
Throw: Dart              |       |     4 |       ||     4
 Cast: Scorch            |     5 |    23 |    17 ||    45
Invok: Fiery Armour      |       |     3 |     2 ||     5
Armor: Robe              |    23 |    47 |    14 ||    84
Dodge: Dodged            |    42 |    51 |    24 ||   117

Table legend: (Time is in decaauts)
 A = Elapsed time spent in this place.
 B = Non-inter-level travel time spent in this place.
 C = Inter-level travel time spent in this place.
 D = Time resting spent in this place.
 E = Time spent auto-exploring this place.
 F = Levels seen in this place.
 G = Mean time per level.
                   A        B        C        D        E       F      G
               +--------+--------+--------+--------+--------+-----+--------+
         Total |   3750 |   3674 |     76 |    165 |   2812 |   5 |  750.0 |
       Dungeon |   3750 |   3674 |     76 |    165 |   2812 |   5 |  750.0 |
               +--------+--------+--------+--------+--------+-----+--------+

Top non-repeatable levels by time:
     D:5: 917 daAuts
     D:3: 875 daAuts
     D:2: 807 daAuts
     D:1: 744 daAuts
     D:4: 405 daAuts
